 Dungeon Sprint DCSS version 0.25-b1-37-g2669288c55 (webtiles) character file.

Game seed: 5633675632985185945

7700000 Groucho the Intangible (level 27, -16/174 HPs)
             Began as a Spriggan Abyssal Knight on June 6, 2020.
             Was the Champion of Makhleb.
             Demolished by a meat berserker
             ... wielding a +9 battleaxe
              (73 damage)
             ... in the Dungeon (Sprint VIII: "Arena of Blood").
             The game lasted 00:03:37 (77 turns).

Groucho the Intangible (Spriggan Abyssal Knight)      Turns: 77, Time: 00:03:38

Health: -16/174    AC:  4    Str:  8    XL:     27
Magic:  33/55      EV: 44    Int: 15    God:    Makhleb [******]
Gold:   0          SH:  0    Dex: 27    Spells: 80/80 levels left

rFire    . . .     SeeInvis +   j - +∞ Axe of Woe
rCold    . . .     Gourm    .   (shield currently unavailable)
rNeg     . . .     Faith    .   b - +0 robe
rPois    .         Spirit   .   (helmet restricted)
rElec    .         Reflect  .   (no cloak)
rCorr    .         Harm     .   (gloves unavailable)
MR       ++++.     NoTele   +   (boots unavailable)
Stlth    +++++++++.             (no amulet)
HPRegen  0.39/turn              (no ring)
MPRegen  0.34/turn              (no ring)

@: slowed, quick
A: very small, unfitting armour, see invisible, herbivore, speed 3, slow
metabolism 2
a: Minor Destruction, Lesser Servant of Makhleb, Major Destruction, Greater
Servant of Makhleb, Renounce Religion


You were in the Dungeon.
You worshipped Makhleb.
Makhleb was exalted by your worship.
You were not hungry.

You visited 1 branch

Inventory:

Hand Weapons
 a - a +1 mace
 j - the +∞ Axe of Woe (weapon)
   (You found it in the Dungeon)
Armour
 b - a +0 robe (worn)
Jewellery
 k - a +250 ring of slaying
 l - a +100 ring of slaying
Scrolls
 i - a scroll of blinking
Potions
 d - a potion of curing
 e - a potion of heal wounds
 f - a potion of haste
 g - 2 potions of magic
 h - a potion of berserk rage
Comestibles
 c - a ration


   Skills:
 O Level 27 Fighting
 O Level 27 Axes
 O Level 27 Maces & Flails
 O Level 27 Throwing
 O Level 27 Armour
 O Level 27 Dodging
 O Level 27 Stealth
 O Level 27 Unarmed Combat
 O Level 27 Spellcasting
 O Level 27 Invocations


You had 80 spell levels left.
You didn't know any spells.
Your spell library was empty.

Dungeon Overview and Level Annotations

Branches:
Dungeon (1/1)

Altars:
Makhleb


Innate Abilities, Weirdness & Mutations

You are very small and have problems with some larger weapons.
You are too small for most types of armour.
You have supernaturally acute eyesight. (SInv)
You are a herbivore.
You cover ground extremely quickly.
You need to consume almost no food.


Message History

You hear a shout!
The eight-headed meat hydra calls on the powers of darkness!
The eight-headed meat hydra convulses!
The bag of meat convulses! x2
The meat berserker convulses!
The bag of meat convulses!
The meat berserker convulses!
The large bag of meat convulses!
Flame seeps out of the large bag of meat.
The bag of meat convulses!
Your body is wracked with pain!
The meat berserker convulses!
The large bag of meat convulses!
Flame seeps out of the large bag of meat.
The bag of meat convulses! x2
A meat berserker comes into view. It is wielding a +9 battleaxe.
Two crawling corpses merge to form a small abomination.
You hear a shout!
The destroyer blinks!
The large bag of meat is engulfed in blazing flames.
You hear a shout! x4
The meat berserker completely misses you.
The meat berserker is engulfed in blazing flames.
The meat berserker hits you with a +9 battleaxe!!!!
You die...

#. ....# #%. ...#
.. .###..
...###...
......###........
......_.)V...V..
#...))# M...
#_.§)x#


.X.XX ..#..)o)#x..oD. .....§§)@Oo..O.. ..O...###2OLo.oXX .###.. .OM###XX. #..
§Dxo# .. #. ...oO# ......oXo ....XXXX. ........L. You could see 2 accurseds, 3
tentacled monstrosities, a meat beast (fast), 2 tyrants, 2 eight-headed meat
hydras, 2 destroyers, 2 large bags of meat, 9 large abominations, 3 meat
berserkers, 2 small abominations, 9 bags of meat and a crawling corpse.

Vanquished Creatures
  3 hell beasts (D)
  2 greater mummies (D)
  11 vampire knights (D)
  23 ogres (D)
  5 two-headed ogres (D)
  2 liches (D)
  A hydra (D)
  25 orcs (D)
  4 skeletal warriors (D)
  2 large abominations (D)
  A starcursed mass (D)
  6 small abominations (D)
  3 crawling corpses (D)
88 creatures vanquished.

Notes
Turn   | Place    | Note
-------+----------+-------------------------------------------
     0 | D        | Found the +∞ Axe of Woe
     0 | D        | Groucho the Spriggan Abyssal Knight began the quest for the
                  | Orb.
     0 | D        | Reached XP level 1. HP: 11/11 MP: 3/3
     2 | D        | Noticed a bag of meat
     3 | D        | Noticed a meat berserker
     4 | D        | Fell from the grace of Lugonu
     4 | D        | Became a worshipper of Makhleb the Destroyer
     6 | D        | Killed a bag of meat
     6 | D        | Reached XP level 2. HP: 16/16 MP: 4/4
     6 | D        | Reached XP level 3. HP: 19/19 MP: 5/5
     6 | D        | Reached XP level 4. HP: 23/23 MP: 6/6
     6 | D        | Reached XP level 5. HP: 27/27 MP: 7/7
     6 | D        | Reached XP level 6. HP: 32/32 MP: 8/8
     6 | D        | Reached XP level 7. HP: 35/35 MP: 9/9
     6 | D        | Reached XP level 8. HP: 39/39 MP: 10/10
     6 | D        | Reached XP level 9. HP: 43/43 MP: 11/11
     6 | D        | Reached XP level 10. HP: 47/47 MP: 12/12
     6 | D        | Reached XP level 11. HP: 51/51 MP: 13/13
     6 | D        | Noticed a bag of meat
     7 | D        | Killed a meat berserker
     7 | D        | Reached * piety under Makhleb
     7 | D        | Reached skill level 27 in Dodging
     7 | D        | Reached XP level 12. HP: 56/56 MP: 14/14
     7 | D        | Reached XP level 13. HP: 59/59 MP: 15/15
     9 | D        | Noticed a bag of meat
     9 | D        | Noticed a meat berserker
     9 | D        | Noticed a bag of meat
    10 | D        | Killed a meat berserker
    10 | D        | Reached XP level 14. HP: 82/82 MP: 16/16
    12 | D        | Killed a bag of meat
    12 | D        | Reached skill level 15 in Fighting
    12 | D        | Reached XP level 15. HP: 90/90 MP: 17/17
    14 | D        | Reached ** piety under Makhleb
    14 | D        | Reached skill level 27 in Axes
    19 | D        | Noticed a meat berserker
    22 | D        | Reached XP level 16. HP: 108/108 MP: 18/18
    22 | D        | Reached *** piety under Makhleb
    22 | D        | Noticed a large bag of meat
    24 | D        | Killed a meat berserker
    24 | D        | Reached skill level 27 in Fighting
    24 | D        | Reached XP level 17. HP: 121/121 MP: 19/19
    24 | D        | Reached skill level 10 in Armour
    24 | D        | Noticed a meat berserker
    24 | D        | Noticed a destroyer
    26 | D        | Noticed a large bag of meat
    28 | D        | Killed a destroyer
    28 | D        | Reached **** piety under Makhleb
    28 | D        | Reached XP level 18. HP: 127/127 MP: 20/20
    29 | D        | Noticed a meat berserker
    30 | D        | Noticed a destroyer
    30 | D        | Noticed a destroyer
    30 | D        | Noticed an eight-headed meat hydra
    31 | D        | Killed a meat berserker
    31 | D        | Killed a large bag of meat
    31 | D        | Reached ***** piety under Makhleb
    31 | D        | Reached XP level 19. HP: 132/132 MP: 21/21
    31 | D        | Noticed a destroyer
    33 | D        | Killed a large bag of meat
    34 | D        | Noticed a destroyer
    35 | D        | Killed a meat berserker
    36 | D        | Reached skill level 27 in Unarmed Combat
    36 | D        | Reached XP level 20. HP: 111/137 MP: 22/22
    36 | D        | Noticed a large bag of meat
    38 | D        | Killed a nine-headed meat hydra
    38 | D        | Reached skill level 27 in Armour
    38 | D        | Reached skill level 5 in Stealth
    38 | D        | Reached ****** piety under Makhleb
    38 | D        | Reached skill level 5 in Spellcasting
    38 | D        | Reached skill level 5 in Invocations
    38 | D        | Killed a destroyer
    38 | D        | Killed a destroyer
    38 | D        | Reached skill level 15 in Throwing
    38 | D        | Reached skill level 15 in Invocations
    38 | D        | Reached XP level 21. HP: 142/142 MP: 22/43
    42 | D        | Killed a destroyer
    42 | D        | Reached skill level 15 in Maces & Flails
    43 | D        | Killed a large bag of meat
    43 | D        | Reached skill level 27 in Stealth
    45 | D        | Reached XP level 22. HP: 148/148 MP: 23/51
    45 | D        | Killed a destroyer
    47 | D        | Noticed an accursed
    47 | D        | Noticed a destroyer
    47 | D        | Noticed a large bag of meat
    48 | D        | Reached skill level 27 in Spellcasting
    49 | D        | Reached XP level 23. HP: 153/153 MP: 24/55
    50 | D        | Reached skill level 27 in Throwing
    50 | D        | Reached skill level 27 in Invocations
    52 | D        | Killed a destroyer
    52 | D        | Reached skill level 27 in Maces & Flails
    56 | D        | Reached XP level 24. HP: 158/158 MP: 26/55
    59 | D        | Killed a large bag of meat
    60 | D        | Noticed a tyrant
    61 | D        | Killed an accursed
    61 | D        | Noticed an accursed
    63 | D        | Reached XP level 25. HP: 161/163 MP: 28/55
    63 | D        | Noticed a tyrant
    64 | D        | Noticed a destroyer
    65 | D        | Noticed a meat beast
    66 | D        | Reached XP level 26. HP: 151/169 MP: 29/55
    67 | D        | Noticed a large bag of meat
    68 | D        | Noticed a destroyer
    68 | D        | Noticed an accursed
    68 | D        | Noticed a tyrant
    69 | D        | Noticed a destroyer
    69 | D        | Killed a meat beast
    69 | D        | Reached XP level 27. HP: 146/174 MP: 30/55
    69 | D        | Killed a destroyer
    70 | D        | Killed a destroyer
    71 | D        | Noticed a meat beast
    71 | D        | Killed an accursed
    71 | D        | Killed a tyrant
    71 | D        | Noticed a destroyer
    71 | D        | Noticed a meat beast
    71 | D        | Noticed a destroyer
    72 | D        | Noticed a destroyer
    73 | D        | Killed a destroyer
    73 | D        | Killed a meat beast
    73 | D        | Killed a large bag of meat
    73 | D        | Noticed a meat beast
    73 | D        | Noticed a destroyer
    73 | D        | Noticed a tyrant
    73 | D        | Noticed an accursed
    74 | D        | Noticed a large bag of meat
    74 | D        | Killed a tyrant
    74 | D        | Noticed a meat beast
    75 | D        | Killed a meat beast
    76 | D        | Killed a destroyer
    76 | D        | Noticed a large bag of meat
    77 | D        | Killed a destroyer
    77 | D        | Demolished by a meat berserker

Illustrated notes

Levels and vault maps discovered:
D:        meatsprint

Skill      XL: |  1  2  3  4  5  6  7  8  9 10 11 12 13 14 15 16 17 18 19 20 21 22 23 |
---------------+----------------------------------------------------------------------+-----
Axes           | 16 23 25 26 27 | 27.0
Dodging        | 25 27 | 27.0
Fighting       | 13 15 22 27 | 27.0
Armour         | 6 16 22 26 27 | 27.0
Unarmed Combat | 7 17 24 27 | 27.0
Maces & Flails | 12 17 22 27 | 27.0
Throwing       | 15 21 26 27 | 27.0
Stealth        | 22 27 | 27.0
Spellcasting   | 17 24 27 | 27.0
Invocations    | 15 21 26 27 | 27.0

Action                   |  1- 3 |  4- 6 |  7- 9 | 10-12 | 13-15 | 16-18 | 19-21 | 22-24 | 25-27 || total
-------------------------+-------+-------+-------+-------+-------+-------+-------+-------+-------++-------
Melee: Broad axe         |     1 |       |       |     1 |     5 |     3 |     9 |    12 |    13 ||    44
Dodge: Dodged            |       |       |       |       |       |       |       |     2 |     9 ||    11
